 Dungeon Crawl Stone Soup version 0.17-a0-1564-g7b572aa (webtiles) character file.

71 cogs the Firebug (level 4, 0/30 HPs)
             Began as a Mummy Fire Elementalist on July 21, 2015.
             Slain by a jackal (2 damage)
             ... on level 3 of the Dungeon.
             The game lasted 00:02:54 (2275 turns).

cogs the Firebug (Mummy Fire Elementalist)          Turns: 2275, Time: 00:02:54

Health: 0/30       AC:  2    Str: 11    XL:     4   Next: 5%
Magic:  3/7        EV:  7    Int: 15    God:
Gold:   81         SH:  0    Dex: 12    Spells: 1 memorised, 6 levels left

rFire  x . .     SeeInvis .     d - +0 dagger
rCold  + . .     Clarity  .     a - +0 robe
rNeg   + + +     SustAt   .     (no shield)
rPois  ∞         Gourm    .     (no helmet)
rElec  .         Spirit   .     (no cloak)
rCorr  .         Warding  .     (no gloves)
rMut   .         Stasis   .     (no boots)
MR     .....                    (no amulet)
Stlth  ++........               (no ring)
                                (no ring)

@: not resistant to hostile enchantments, unstealthy
A: no food or potions, fire vulnerability, cold resistance 1, negative energy
resistance 3, torment resistance, unbreathing
a: no special abilities


You were on level 3 of the Dungeon.
You were not hungry.

You visited 1 branch of the dungeon, and saw 3 of its levels.

You collected 81 gold pieces.

Inventory:

Hand weapons
 d - a +0 dagger (weapon)
Armour
 a - a +0 robe (worn)
Scrolls
 c - 3 scrolls of identify {unknown}
 e - a scroll of immolation {unknown}
 f - a scroll of enchant armour {unknown}
Books
 b - a book of Flames

   Spells                             Type                      Level
   a - Flame Tongue                   Conjuration/Fire             1
   b - Throw Flame                    Conjuration/Fire             2
   c - Conjure Flame                  Conjuration/Fire             3
   d - Inner Flame                    Hexes/Fire                   3
   e - Sticky Flame                   Conjuration/Fire             4
   f - Fireball                       Conjuration/Fire             5


   Skills:
 - Level 1.5 Dodging
 - Level 1.5 Stealth
 - Level 2.0 Spellcasting
 * Level 2.7 Conjurations
 + Level 2.9 Fire Magic


You had 6 spell levels left.
You knew the following spells:

 Your Spells              Type           Power        Failure   Level  Hunger
a - Flame Tongue          Conj/Fire      ##...        10%         1    N/A

Dungeon Overview and Level Annotations

Branches:
Dungeon (3/15)

Altars:


Innate Abilities, Weirdness & Mutations

You do not eat or drink.
Your flesh is vulnerable to fire.
You are immune to poison.
Your flesh is cold resistant.
You are immune to negative energy.
You are immune to unholy pain and torment.
You can survive without breathing.


Message History

Press: ? - help, Shift-Dir - straight line, f/p - orc
Aim: an orc, wielding a mace (heavily wounded)
The flame tongue hits the orc.
The orc is severely wounded.
The orc hits you with a mace!
Casting: Flame Tongue
Confirm with . or Enter, or press ? or * to list all spells.
Aiming: Flame Tongue
Press: ? - help, Shift-Dir - straight line, f/p - orc
Aim: an orc, wielding a mace (severely wounded)
The flame tongue hits the orc.
The orc is almost dead.
The orc hits you with a mace. The orc hits you with a flail.
* * * LOW HITPOINT WARNING * * *
There is a stone staircase leading up here.
The jackal barely misses you. The orc hits you with a mace!
* * * LOW HITPOINT WARNING * * *
The jackal bites you.
You die...

# .# #. ### .# # #.
#....##.# #..
######.#...#.#
###..#######........hh..
.........o.o..###.# .[#
#..#..@ho...o...##.#
#..#.#####.........#
#..........####.####
##........## #.#
###.####.#####.# #.#
#.......# #.# #######.#
#.##########.#
#)...........#


You could see 4 orcs and a jackal.

Vanquished Creatures
  3 adders (D:2)
  An ooze (D:2)
  A worm (D:2)
  5 giant geckos
  5 giant cockroaches
  2 goblins
  3 hobgoblins
  2 kobolds
  6 bats
  2 giant newts (D:2)
  4 rats
34 creatures vanquished.

Notes
Turn   | Place    | Note
--------------------------------------------------------------
     0 | D:1      | cogs the Mummy Fire Elementalist began the quest for the Orb.
     0 | D:1      | Reached XP level 1. HP: 13/13 MP: 3/3
    96 | D:1      | Reached skill level 1 in Conjurations
   365 | D:1      | Reached XP level 2. HP: 13/19 MP: 0/5
  1004 | D:2      | Reached XP level 3. HP: 24/24 MP: 3/6
  1532 | D:2      | Found a faded altar to an unknown god.
  2113 | D:2      | Reached XP level 4. HP: 21/30 MP: 5/7
  2275 | D:3      | Slain by a jackal

Vault maps used:
D:1:      minmay_arrival_diagonal_passages
D:2:      ecumenical_altar_1
D:3:      first_bread, lemuel_statue_altar

Action                   |  1- 3 |  4- 6 || total
-------------------------+-------+-------++-------
Melee: Dagger            |    66 |       ||    66
 Cast: Flame Tongue      |    52 |    10 ||    62
 Stab: Sleeping          |     3 |       ||     3
